 Dungeon Crawl Stone Soup version 0.31.0-11-ge490571c62 (webtiles) character file.

Game seed: 6544025713540622378

8 browni3141 the Conjurer (level 2, 0/19 HPs)
             Began as a Demonspawn Conjurer on Jan 30, 2024.
             Slain by a quokka (2 damage)
             ... on level 1 of the Dungeon.
             The game lasted 00:00:47 (245 turns).

browni3141 the Conjurer (Demonspawn Conjurer)        Turns: 245, Time: 00:00:47

Health: 0/19       AC:  3    Str:  7    XL:     2   Next: 0%
Magic:  2/5        EV: 12    Int: 18    God:
Gold:   10         SH:  0    Dex: 11    Spells: 4/5 levels left

rFire   . . .        d - +4 dagger (venom)
rCold   . . .        (no shield)
rNeg    . . .        a - +0 robe
rPois   .            (no helmet)
rElec   .            (no cloak)
rCorr   .            (no gloves)
SInv    .            (no boots)
Will    .....        (no amulet)
Stlth   ++           (no ring)
HPRegen 0.23/turn    (no ring)
MPRegen 0.09/turn

%: no passive effects
@: no status effects
A: sharp scales 1
a: no special abilities


You were on level 1 of the Dungeon.
You visited 1 branch of the dungeon, and saw 2 of its levels.

You collected 10 gold pieces.

Inventory:

Hand Weapons
 c - a +0 whip
 d - a +4 dagger of venom (weapon)
Armour
 a - a +0 robe (worn)
Potions
 b - a potion of magic


   Skills:
 + Level 2.0 Dodging
 + Level 2.0 Stealth
 + Level 2.1 Spellcasting
 + Level 4.1 Conjurations


You had 4 spell levels left.
You knew the following spells:

 Your Spells              Type           Power      Damage    Failure   Level
a - Magic Dart            Conj           64%        1d6       3%          1

Your spell library contained the following spells:

 Spells                   Type           Power      Damage    Failure   Level
 Searing Ray              Conj           32%        2d5       4%          2
 Fulminant Prism          Conj/Alch      4%         3d5       58%         4
 Iskenderun's Mystic Bla  Conj/Tloc      9%         2d4       58%         4


Dungeon Overview and Level Annotations

Branches:
Dungeon (2/15)

Altars:

Annotations:
D:1 2 transporters


Innate Abilities, Weirdness & Mutations

You are partially covered in razor-sharp scales. (AC +1, Slay +1)


Message History

There is a stone staircase leading down, spattered with blood here.
The hobgoblin hits you.
You enter a teleport trap!
The teleport trap disappears.
Your surroundings suddenly seem different.
A quokka, 2 kobolds and a bat come into view.
Found a potion of magic, 24 gold pieces and a stone.
Found a stone staircase leading down.
The kobold shouts!
You closely miss the bat. The bat hits you but does no damage.
The kobold shouts!
The bat barely misses you.
There is a stone staircase leading down here.
The bat misses you.
You climb downwards.
There is a stone staircase leading up here.
You start resting.
Magic restored.
You start resting.
A dart slug comes into view.
The magic dart hits the dart slug.
The dart slug is heavily wounded.
The magic dart hits the dart slug but does no damage.
The dart slug is heavily wounded.
The magic dart hits the dart slug.
You kill the dart slug!
Your Stealth skill increases to level 2!
You start resting.
HP restored.
Magic restored.
A kobold comes into view. It is wielding a +4 dagger of venom.
A kobold is nearby!
The magic dart hits the kobold.
You kill the kobold!
Your Dodging skill increases to level 2!
You can't see any susceptible monsters within range! (Use Z to cast anyway.)
You can't see any susceptible monsters within range! (Use Z to cast anyway.)
A ball python comes into view.
The ball python hisses angrily.
Things that are here:
a +4 dagger of venom; a kobold corpse Your +4 dagger of venom begins to drip with poison!
d - a +4 dagger of venom (weapon)
The magic dart hits the ball python.
The ball python is severely wounded.
The magic dart hits the ball python.
You kill the ball python!
You have reached level 2!
Your demonic ancestry asserts itself...
Sharp scales grow over part of your body.
There is a stone staircase leading up here.
You climb upwards.
Level annotation: 2 transporters The bat barely misses you.
The bat closely misses you. x2
The kobold barely misses you. The kobold closely misses you.
The quokka bites you. The kobold closely misses you.
The kobold hits you but does no damage. The bat misses you.
The quokka bites you.
There is a stone staircase leading down here.
The kobold hits you with a +0 dagger. The kobold hits you but does no damage.
The quokka closely misses you. The bat barely misses you.
The quokka barely misses you.
The kobold hits you with a +0 dagger. x2
The bat closely misses you. The quokka barely misses you.
The kobold hits you but does no damage. The kobold closely misses you.
The quokka bites you but does no damage.
The kobold hits you with a +0 dagger. The kobold barely misses you.
The bat completely misses you. The bat misses you.
The quokka completely misses you. The kobold barely misses you.
The kobold hits you with a +0 dagger. The quokka closely misses you.
The bat closely misses you. The kobold closely misses you.
The kobold hits you but does no damage. The quokka misses you.
The bat hits you but does no damage.
The quokka bites you but does no damage.
The kobold hits you with a +0 dagger. The kobold barely misses you.
The quokka barely misses you. The kobold barely misses you.
The kobold hits you but does no damage. The bat hits you but does no damage.
The bat barely misses you. x2
The quokka twitches its whiskers.
The quokka bites you. The kobold misses you.
The kobold hits you but does no damage. The bat hits you but does no damage.
The bat hits you but does no damage. The quokka closely misses you.
The kobold closely misses you. x2; The bat barely misses you.
The quokka closely misses you. The bat hits you. The kobold closely misses you.
The kobold barely misses you. The quokka completely misses you.
The quokka misses you. The kobold hits you but does no damage.
The kobold closely misses you. The bat closely misses you.
The quokka bites you but does no damage.
The kobold hits you with a +0 dagger. The kobold closely misses you.
The quokka closely misses you. The kobold barely misses you.
The kobold hits you with a +0 dagger. The bat barely misses you.
The quokka bites you but does no damage.
The kobold hits you but does no damage. The kobold barely misses you.
The quokka bites you but does no damage.
The bat barely misses you. The kobold hits you with a +0 dagger.
The kobold hits you but does no damage. The quokka bites you.
You die...

#...... ##..
#......
######## #....
##......
##......##.....
........
#........$.....
.....≈≈≈
...............
$.~≈~≈≈≈
...............
≈≈≈≈≈≈~~
......K.K.....≈
≈≈≈≈≈≈~.
......b@r...!≈≈
≈≈≈≈≈≈~♣
.............≈≈
≈~~~≈≈~.
#............≈≈
~~.~~≈~~
#..$.....$....≈
~.©.~≈≈~
.............≈.
..>♣~≈≈≈
........(.###≈≈
~.©.~≈≈≈
..........# ≈
~~.~≈≈≈≈
..........#
≈≈~≈≈≈≈≈
..........#
≈≈≈≈≈≈##


You could see a quokka, a bat and 2 kobolds.

Vanquished Creatures
  A dart slug (D:2)
  2 hobgoblins (D:1)
  A ball python (D:2)
  A frilled lizard (D:1)
  A kobold (D:2)
  A rat (D:1)
7 creatures vanquished.

Notes
Turn   | Place    | Note
-------+----------+-------------------------------------------
     0 | D:1      | browni3141 the Demonspawn Conjurer began the quest for the
                  | Orb.
     0 | D:1      | Reached XP level 1. HP: 13/13 MP: 3/3
   224 | D:2      | Gained mutation: You are partially covered in razor-sharp
                  | scales. (AC +1, Slay +1) [demonic ancestry]
   224 | D:2      | Reached XP level 2. HP: 19/19 MP: 0/5
   245 | D:1      | Slain by a quokka

Illustrated notes

Levels and vault maps discovered:
D:1:      spicycebolla_arrival_transporter_tutorial, layout_rooms
D:2:      layout_loops_corners, uniq_robin, uniq_terence

Skill      XL: |  1 |
---------------+----+-----
Stealth        | 2 |  2.0
Dodging        | 2 |  2.0
Spellcasting   | |  2.1
Conjurations   | |  4.1

Action                     || total
---------------------------++-------
  Melee: Whip              ||     5
   Cast: Magic Dart        ||    18
 Armour: Robe              ||    37
  Dodge: Dodged            ||    47
